 Dungeon Crawl Stone Soup version 0.29.1-4-g47bece8355 (webtiles) character file.

Game seed: 11395532821129041882

339 concernfroge the Trooper (level 6, -4/55 HPs)
             Began as a Mummy Monk on Dec 10, 2022.
             Killed by divine providence
             ... invoked by an orc priest
              (12 damage)
             ... on level 4 of the Dungeon.
             The game lasted 00:05:43 (3149 turns).

concernfroge the Trooper (Mummy Monk)               Turns: 3149, Time: 00:05:43

Health: -4/55      AC: 18    Str: 16    XL:     6   Next: 29%
Magic:  6/6        EV:  5    Int:  9    God:
Gold:   207        SH:  0    Dex: 15    Spells: 5/5 levels left

rFire   x . .      SeeInvis .   a - +0 spear
rCold   + . .      Faith    .   (no shield)
rNeg    + + +      Spirit   .   e - +0 plate armour
rPois   ∞          Reflect  .   d - +1 helmet
rElec   .          Harm     .   j - +0 cloak
rCorr   .          Rampage  .   (no gloves)
Will    .....                   n - +0 pair of boots
Stlth   ..........              (no amulet)
HPRegen 0.18/turn               m - +4 ring of protection
MPRegen 0.10/turn               (no ring)

@: no status effects
A: cold resistance 1, negative energy resistance 3, torment resistance 2, heat
vulnerability 1, in touch with death 1, no potions
a: no special abilities


You were on level 4 of the Dungeon.
You visited 1 branch of the dungeon, and saw 4 of its levels.

You collected 207 gold pieces.

Inventory:

Hand Weapons
 a - a +0 spear (weapon)
Missiles
 c - 3 poisoned darts
 f - 6 boomerangs (quivered)
Armour
 d - a +1 helmet (worn)
 e - a +0 plate armour (worn)
 j - a +0 cloak (worn)
 n - a +0 pair of boots (worn)
Jewellery
 m - a +4 ring of protection (left hand)
Scrolls
 g - 2 scrolls of teleportation
 l - 4 scrolls of identify


   Skills:
 + Level 7.2 Fighting
 - Level 2.4 Polearms
 - Level 2.4 Dodging
 - Level 1.5 Stealth


You had 5 spell levels left.
You didn't know any spells.
Your spell library contained the following spells:

 Spells                   Type           Power      Damage    Failure   Level
 Ozocubu's Armour         Ice            0%         N/A       100%        3
 Ozocubu's Refrigeration  Ice            0%         4d7       100%        7


Dungeon Overview and Level Annotations

Branches:
Dungeon (4/15)
 Temple: D:4-7

Altars:


Innate Abilities, Weirdness & Mutations

You are immune to poison.
Your flesh is cold resistant. (rC+)
You are immune to negative energy. (rN+++)
You are immune to unholy pain and torment.
You are vulnerable to heat. (rF-)
You are in touch with the powers of death.
You do not drink.


Message History

l - 4 scrolls of identify (gained 1)
An orc and an orc wizard come into view.
The orc wizard shouts!
An orc priest comes into view. It is wielding a +0 dagger.
The orc priest shouts!
An orc comes into view. It is wielding a +0 mace.
The orc priest moves out of view.
The orc priest looks encouraged for a moment.
You reach to attack!
You hit the orc but do no damage. You hit the orc but do no damage.
The orc hits you with a +0 club.
The orc wizard mumbles some strange words.
The orc wizard flickers and vanishes!
Deactivating autopickup; reactivate with Ctrl-A.
You barely miss the orc.
The orc priest invokes the aid of Beogh against you.
Beogh smites you! The orc barely misses you.
A magic dart appears from out of thin air!
The magic dart hits you but does no damage.
The orc attacks as you move away! The orc hits you with a +0 club.
You hit the orc.
The orc is severely wounded.
The orc hits you but does no damage.
You closely miss the orc.
The orc is severely wounded.
The orc hits you with a +0 club.
You hit the orc.
You kill the orc!
Things that are here:
a +0 club; a +0 leather armour; an orc corpse You closely miss something.
Something hits you but does no damage.
The orc priest mumbles some strange prayers to Beogh against you.
Beogh smites you!
You barely miss something. Something hits you but does no damage.
The orc priest calls down the wrath of Beogh upon you.
Beogh smites you!
* * * LOW HITPOINT WARNING * * *
You closely miss something. Something hits you but does no damage.
The orc priest invokes the aid of Beogh against you.
Beogh smites you!
You die...

.......##...##
..
###...####...#
##### ##.##
#.# #### #.#
##..#####.
#.##
#.........
#..##
###..#######
#...#####....#
##....@{o...##
#######o...#
###..###
#....#
#......#
#o..#### #..##
..## ...


You could see an orc priest and an orc.

Vanquished Creatures
  Grinder (D:4)
  Terence (D:2)
  An iguana (D:4)
  5 adders
  A dart slug (D:3)
  A worm (D:3)
  An orc (D:4)
  3 ball pythons
  4 endoplasms
  2 giant cockroaches
  5 goblins
  3 hobgoblins (D:3)
  2 jackals (D:2)
  2 bats
  2 frilled lizards (D:1)
  2 kobolds
  3 rats
39 creatures vanquished.

Notes
Turn   | Place    | Note
-------+----------+-------------------------------------------
     0 | D:1      | concernfroge the Mummy Monk began the quest for the Orb.
     0 | D:1      | Reached XP level 1. HP: 18/18 MP: 1/1
   649 | D:1      | Reached XP level 2. HP: 24/24 MP: 2/2
   997 | D:2      | Noticed Terence
  1015 | D:2      | Reached skill level 4 in Fighting
  1015 | D:2      | Gained mutation: You are in touch with the powers of death.
                  | [Mummy growth]
  1015 | D:2      | Reached XP level 3. HP: 29/30 MP: 3/3
  1031 | D:2      | Killed Terence
  1284 | D:2      | Found a faded altar of an unknown god.
  1331 | D:2      | Reached XP level 4. HP: 25/38 MP: 4/4
  1508 | D:2      | Reached skill level 5 in Fighting
  2537 | D:3      | Noticed an ogre
  2597 | D:4      | Noticed Grinder
  2622 | D:4      | Paralysed by Grinder for 5 turns
  2632 | D:4      | Paralysed by Grinder for 5 turns
  2641 | D:4      | Killed Grinder
  2642 | D:4      | Reached skill level 7 in Fighting
  2642 | D:4      | Reached XP level 5. HP: 36/48 MP: 5/5
  2642 | D:4      | Reached XP level 6. HP: 41/55 MP: 6/6
  3149 | D:4      | Killed from afar by an orc priest

Illustrated notes

Levels and vault maps discovered:
D:1:      erik_arrival_orb_chamber, layout_loops_ring
D:2:      layout_basic, shapermc_ecumenical_altar_mp_urbaneastern,
          minmay_tromino_v2, uniq_terence
D:3:      layout_basic, minmay_ogre_servants
D:4:      layout_layer_cave, ebering_ghost_reflecting_pool, uniq_grinder

Skill      XL: |  1  2  3  4 |
---------------+-------------+-----
Fighting       | 4 7 |  7.2
Polearms       | |  2.4
Dodging        | |  2.4
Stealth        | |  1.5

Action                   |  1- 3 |  4- 6 || total
-------------------------+-------+-------++-------
Melee: Spear             |    87 |   147 ||   234
       Punch             |     1 |     4 ||     5
Throw: Dart              |     3 |       ||     3
       Boomerang         |     1 |       ||     1
  Use: Scroll            |       |     7 ||     7
Armor: Scale mail        |     3 |       ||     3
       Plate armour      |    56 |    94 ||   150
Dodge: Dodged            |    21 |    26 ||    47
